 Dungeon Crawl Stone Soup version 0.32-a0-22-g6ae6769602 (webtiles) character file.

Game seed: 12743200395284197411

4319 Zeia the Reanimator (level 10, -5/67 (83) HPs)
             Began as a Demonspawn Necromancer on Jan 19, 2024.
             Was a Believer of Ashenzari.
             Slain by a gnoll sergeant
             ... wielding a +2 trident of venom
              (15 damage)
             ... on level 9 of the Dungeon.
             The game lasted 01:10:34 (9993 turns).

Zeia the Reanimator (Demonspawn Necromancer)        Turns: 9993, Time: 01:10:35

HP:   -5/67 (83)    AC:  9    Str:  8    XL:     10   Next: 11%
MP:   22/22         EV: 12    Int: 21    God:    Ashenzari [**....]
Gold: 1581          SH:  0    Dex: 17    Spells: 16/25 levels left

rFire   . . .        a - +2 trident (freeze)
rCold   . . .        (no shield)
rNeg    . . .        O - +0 leather armour
rPois   .            (helmet restricted)
rElec   .            B - +2 cloak of the Oracular Empyrean {Sorc, Cun} (curse)
rCorr   .            N - +0 pair of gloves "Bound Urgency" {Dev, Self} (curse)
SInv    +            A - +1 pair of boots "Shackled Discomfort" {Bglg, Self} (curse)
Will    .....        l - amulet of regeneration
Stlth   ++++         (no ring)
HPRegen 1.11/turn    (no ring)
MPRegen 0.18/turn

%: no passive effects
@: lethally poisoned (-5 -> -6), heavily drained
A: antennae 2, thin skeletal structure 2
a: Renounce Religion, Shatter the Chains


You were on level 9 of the Dungeon.
You worshipped Ashenzari.
Ashenzari was pleased with you.
You visited 2 branches of the dungeon, and saw 10 of its levels.
You also visited: Sewer.

You collected 1581 gold pieces.

Inventory:

Hand Weapons
 a - a +2 trident of freezing (weapon)
 c - a +0 dagger
 p - a +1 dagger of protection
 G - a +2 spear of venom
 R - a +0 falchion
Missiles
 K - a throwing net
Armour
 v - a +0 plate armour
 A - the cursed +1 pair of boots "Shackled Discomfort" (worn) {Bglg, Self}
   (You found it on level 4 of the Dungeon)

   It has a curse which improves the following skills: Beguiling: Hexes and
   Translocations.
   Introspection: Fighting and Spellcasting.
 B - the cursed +2 cloak of the Oracular Empyrean (worn) {Sorc, Cun}
   (You found it on level 4 of the Dungeon)

   It has a curse which improves the following skills: Sorcery: Conjurations and
   Alchemy.
   Cunning:   Dodging and Stealth.
 N - the cursed +0 pair of gloves "Bound Urgency" (worn) {Dev, Self}
   (You found it on level 6 of the Dungeon)

   It has a curse which improves the following skills: Devices: Evocations and
   Shapeshifting.
   Introspection: Fighting and Spellcasting.
 O - a +0 leather armour (worn)
Jewellery
 l - an amulet of regeneration (around neck)
Wands
 D - a wand of mindburst (14)
 J - a wand of roots (8)
 P - a wand of light (8)
Scrolls
 d - 2 scrolls of vulnerability
 e - 3 scrolls of amnesia
 f - 9 scrolls of identify
 h - a scroll of revelation
 o - a scroll of immolation
 s - 2 scrolls of enchant weapon
 t - 3 scrolls of teleportation
 y - a scroll of enchant armour
 I - a scroll of brand weapon
 L - a scroll of fear
Potions
 b - 2 potions of magic
 g - 3 potions of curing
 i - a potion of ambrosia
 k - a potion of invisibility
 m - a potion of brilliance
 q - 2 potions of resistance
 r - 3 potions of haste
 w - a potion of mutation
 x - a potion of cancellation
 z - 3 potions of enlightenment
 C - 4 potions of attraction
 E - 3 potions of degeneration
 F - a potion of berserk rage
 H - a potion of might
 M - a potion of lignification


   Skills:
 - Level 7.3(9.1) Fighting
 - Level 2.5 Short Blades
 + Level 1.5 Polearms
 - Level 3.0 Armour
 - Level 1.7(2.6) Dodging
 - Level 1.7(2.6) Stealth
 - Level 6.5(8.3) Spellcasting
 + Level 3.3(4.3) Conjurations
 - Level 1.2 Summonings
 - Level 9.0 Necromancy
 - Level 4.1(5.2) Translocations


You had 16 spell levels left.
You knew the following spells:

 Your Spells              Type           Power      Damage    Failure   Level
a - Necrotise             Necr           100%       1d9       1%          1
b - Animate Dead          Necr           46%        N/A       2%          4
c - Apportation           Tloc           60%        N/A       1%          1
d - Call Canine Familiar  Summ           14%        N/A       19%         3

Your spell library contained the following spells:

 Spells                   Type           Power      Damage    Failure   Level
 Magic Dart               Conj           100%       1d8       1%          1
 Vampiric Draining        Necr           46%        2d9       1%          3
 Searing Ray              Conj           54%        2d6       2%          2
 Gell's Gravitas          Tloc           30%        N/A       3%          3
 Teleport Other           Tloc           30%        N/A       3%          3
 Summon Small Mammal      Summ           56%        N/A       6%          1
 Curse of Agony           Necr           46%        N/A       8%          5
 Jinxbite                 Hex            18%        N/A       16%         2
 Fulminant Prism          Conj/Alch      9%         3d6       38%         4
 Summon Blazeheart Golem  Fire/Summ      11%        N/A       63%         4
 Dispersal                Tloc           15%        N/A       88%         6
 Alistair's Intoxication  Alch           6%         N/A       96%         5


Dungeon Overview and Level Annotations

Branches:
Dungeon (9/15)             Temple (1/1) D:5           Sewer (visited)
   Lair: D:8-11         Orc: D:9-12

Altars:
Ashenzari
Dithmenos
Fedhas
Gozag
Hepliaklqana
Kikubaaqudgha
Makhleb
Nemelex Xobeh
Okawaru
Qazlal
Ru
Sif Muna
Trog
Uskayaw
Vehumet
Wu Jian
Xom
Yredelemnul
Lugonu

Shops:
D:4 (   D:5 !   D:7 (

Annotations:
D:8 exclusions: slime creature and vampire
D:9 Jeremiah


Innate Abilities, Weirdness & Mutations

You have a pair of antennae on your head.
You have a moderately thin skeletal structure. (Dex +4, Stealth++)


Message History

Your orc wizard zombie barely misses the gnoll sergeant.
Your orc zombie closely misses the gnoll sergeant.
Your orc zombie hits the gnoll sergeant but does no damage.
The gnoll sergeant hits your orc wizard zombie with a +2 trident of venom!
Your orc wizard zombie hits the gnoll sergeant but does no damage.
Your reaping aura is weakening.
Your orc wizard zombie hits the gnoll sergeant but does no damage.
The gnoll sergeant hits your orc wizard zombie with a +2 trident of venom!
Your orc zombie completely misses the gnoll sergeant. x2
Your orc wizard zombie hits the gnoll sergeant but does no damage.
The gnoll sergeant barely misses your orc wizard zombie.
Your orc wizard zombie hits the gnoll sergeant but does no damage.
Your orc zombie closely misses the gnoll sergeant.
Your orc zombie hits the gnoll sergeant but does no damage.
The gnoll sergeant hits your orc wizard zombie with a +2 trident of venom.
Your orc wizard zombie hits the gnoll sergeant.
Your orc wizard zombie hits the gnoll sergeant but does no damage.
Your orc zombie closely misses the gnoll sergeant.
Your orc zombie hits the gnoll sergeant but does no damage.
The gnoll sergeant hits your orc wizard zombie with a +2 trident of venom!
Your orc wizard zombie is destroyed!
Your orc wizard zombie hits the gnoll sergeant but does no damage.
Your orc zombie hits the gnoll sergeant.
Your orc zombie closely misses the gnoll sergeant.
Your reaping aura expires.
Your orc wizard zombie hits the gnoll sergeant but does no damage.
The gnoll sergeant attacks as it pursues you!
The gnoll sergeant hits you from afar with a +2 trident of venom!
* * * LOW HITPOINT WARNING * * *
You are poisoned.
You feel very sick.
Things that are here:
a +0 mace; a +0 whip You feel very sick.
Items here: )) [[.
You feel sick.
You feel sick.
The gnoll sergeant attacks as it pursues you!
The gnoll sergeant hits you from afar with a +2 trident of venom!
You die...

............o## ......#.
##............# ......#.
#.........##<.# ........
##.........##..# ........
#..........# ..## ##. .....
#........Z.# ...# . #.. #..#
#..#...Z.Z{####.# .###..####.#
###..##{g{#..#.###.........[..
#.........#g.@.#...........).#
##........).#......##.......)#
###......####....###.........
##...######.#..##.........#
#....##....#..##........##
#...........[..........###
#.......#...####..........
#....#..###...# ###........
##...#....#....# ####.....


You could see a gnoll sergeant.

Vanquished Creatures
  Pikel (D:4)
  A slime creature (D:8)
  A shadow (D:7)
  3 steam dragons
  Edmund (D:4)
  A water moccasin (D:7)
  An acid dragon (D:6)
  Pargi (Sewer)
  A sky beast (D:6)
  2 ogres
  An orc warrior (D:6)
  2 centaurs
  2 phantoms
  Blork the orc (D:4)
  2 brain worms (Sewer)
  A gnoll sergeant (D:4)
  3 scorpions
  2 bullfrogs
  3 wights
  7 killer bees
  A gnoll bouda (D:7)
  3 hounds (D:6)
  An orc priest (D:9)
  A jelly (D:7)
  A sleepcap (D:6)
  3 iguanas
  5 orc wizards
  8 gnolls
  5 adders
  2 shadow imps (D:7)
  2 ufetubi (D:6)
  2 dart slugs
  A ribbon worm (D:5)
  24 orcs
  9 bats
  5 endoplasms
  10 giant cockroaches
  7 goblins
  10 hobgoblins
  6 jackals (D:1)
  10 kobolds
  4 quokkas
  10 ball pythons
  4 frilled lizards
  7 rats
178 creatures vanquished.

Vanquished Creatures (collateral kills)
  A black bear (D:7)
  A scorpion (D:7)
  A gnoll sergeant (D:9)
  3 killer bees
  A jelly (D:7)
  7 gnolls
  A dart slug (D:1)
  An orc (D:6)
  A giant cockroach (D:3)
  A hobgoblin (D:2)
  A jackal (D:1)
  A ball python (D:1)
20 creatures vanquished.

Vanquished Creatures (others)
  A slime creature zombie (D:8)
  A centaur zombie (D:8)
  A kobold zombie (D:4)
  An orc wizard (D:4)
  5 killer bee zombies
  A steam dragon zombie (D:9)
  A jelly zombie (D:7)
  A ball python (D:1)
  5 gnoll zombies
  11 orc zombies
28 creatures vanquished.

Grand Total: 226 creatures vanquished

Notes
Turn   | Place    | Note
-------+----------+-------------------------------------------
     0 | D:1      | Zeia the Demonspawn Necromancer began the quest for the
                  | Orb.
     0 | D:1      | Reached XP level 1. HP: 13/13 MP: 3/3
   152 | D:1      | Found a faded altar of an unknown god.
   173 | D:1      | Gained mutation: You have a somewhat thin skeletal
                  | structure. (Dex +2, Stealth+) [demonic ancestry]
   173 | D:1      | Reached XP level 2. HP: 19/19 MP: 0/5
   235 | D:1      | Reached skill level 5 in Necromancy
   529 | D:1      | Reached XP level 3. HP: 24/24 MP: 3/6
  1696 | D:2      | Reached skill level 6 in Necromancy
  2251 | D:3      | Found a glowing drain.
  2272 | D:3      | Reached XP level 4. HP: 7/30 MP: 4/7
  2300 | Sewer    | Entered a sewer
  2311 | Sewer    | Noticed Pargi
  2407 | Sewer    | Killed Pargi
  2408 | Sewer    | Reached XP level 5. HP: 29/35 MP: 1/9
  2578 | Sewer    | Reached skill level 7 in Necromancy
  2692 | Sewer    | Reached XP level 6. HP: 34/41 MP: 4/11
  3026 | D:3      | Found an ancient bone altar of Kikubaaqudgha.
  3029 | D:3      | Found a burning altar of Makhleb.
  3937 | D:4      | Learned a level 4 spell: Animate Dead
  3981 | D:4      | Found Ulirhapn's Weapon Shoppe.
  4117 | D:4      | Noticed Edmund
  4188 | D:4      | Killed Edmund
  4189 | D:4      | Reached skill level 8 in Necromancy
  4189 | D:4      | Gained mutation: You have a pair of small antennae on your
                  | head. [demonic ancestry]
  4189 | D:4      | Reached XP level 7. HP: 34/46 MP: 3/13
  4510 | D:4      | HP: 1/46 [ogre/+0 giant club (14)]
  4605 | D:4      | Noticed Pikel
  4647 | D:4      | Killed Pikel
  4648 | D:4      | Reached skill level 9 in Necromancy
  4648 | D:4      | Gained mutation: You have a pair of antennae on your head.
                  | [demonic ancestry]
  4648 | D:4      | Reached XP level 8. HP: 36/61 MP: 0/14
  4805 | D:4      | Noticed Blork the orc
  4820 | D:4      | Killed Blork the orc
  4821 | D:4      | Reached skill level 5 in Fighting
  4942 | D:4      | Your ally Pikel died
  5196 | D:5      | Entered Level 5 of the Dungeon
  5244 | D:5      | Reached skill level 5 in Spellcasting
  5430 | D:5      | Found Wotevva's Distillery.
  5530 | D:5      | Found a staircase to the Ecumenical Temple.
  5547 | Temple   | Entered the Ecumenical Temple
  5602 | D:5      | Found an ornate altar of the Wu Jian Council.
  6120 | D:6      | Reached XP level 9. HP: 42/71 MP: 18/18
  6254 | D:6      | Found a hide-covered altar of Uskayaw.
  6255 | D:6      | Found an iron altar of Okawaru.
  6255 | D:6      | Found a stormy altar of Qazlal.
  6347 | D:6      | Found a broken altar of Ashenzari.
  6348 | D:6      | Found a hazy altar of Hepliaklqana.
  6350 | D:6      | Found a radiant altar of Vehumet.
  6746 | D:6      | Became a worshipper of Ashenzari the Shackled
  6874 | D:7      | Reached skill level 1 in Armour
  6957 | D:7      | Found Veubrol's Weapon Shop.
  7125 | D:7      | Reached skill level 1 in Short Blades
  7134 | D:7      | Learned a level 1 spell: Apportation
  7511 | D:7      | Reached skill level 1 in Translocations
  7968 | D:7      | Reached * piety under Ashenzari
  8133 | D:8      | Identified a scroll of acquirement
  8646 | D:8      | Noticed a manticore
  8961 | D:8      | Acquired 1055 gold pieces
  8967 | D:8      | Learned a level 3 spell: Call Canine Familiar
  9039 | D:9      | Noticed Jeremiah
  9085 | D:7      | Reached skill level 1 in Summonings
  9087 | D:7      | Reached ** piety under Ashenzari
  9359 | D:9      | Reached skill level 1 in Conjurations
  9401 | D:9      | Gained mutation: You have a moderately thin skeletal
                  | structure. (Dex +4, Stealth++) [demonic ancestry]
  9401 | D:9      | Reached XP level 10. HP: 41/83 MP: 12/22
  9757 | D:9      | Reached skill level 1 in Polearms
  9993 | D:9      | Slain by a gnoll sergeant

Illustrated notes

Levels and vault maps discovered:
D:1:      beargit_arrival_diablo_church, layout_basic,
          shapermc_ecumenical_altar_starsandcircs, grunt_decor_junction
D:2:      layout_basic
D:3:      layout_loops_corners, nicolae_overflow_squiral, gup_sewer_entry_glass
D:4:      layout_basic, serial_shops, nicolae_shop_crystal, uniq_blork_the_orc,
          uniq_pikel, uniq_edmund
D:5:      layout_gridville, nicolae_overflow_hidden_temple,
          minmay_temple_entry_stoned_glass, nicolae_stop_n_shop_2
D:6:      layout_basic, grunt_temple_overflow_open, minmay_misc_feat_cross
D:7:      layout_layer_cave, slow_altar_2, serial_shops, shop
D:8:      layout_basic, good_gods_temple_1, kb_rosetta
D:9:      layout_cave_pools, ebering_ghost_gozag, uniq_jeremiah
Temple:   corrupted_temple

Skill      XL: |  1  2  3  4  5  6  7  8  9 10 |
---------------+-------------------------------+-----
Necromancy     | 5 6 7 8 9 |  9.0
Spellcasting   | 3 4 6 |  6.5
Fighting       | 4 6 7 |  7.3
Armour         | 3 |  3.0
Short Blades   | 2 |  2.5
Translocations | 4 |  4.1
Summonings     | 1 |  1.2
Conjurations   | 2 3 |  3.3
Polearms       | 1 |  1.5
Dodging        | |  1.7
Stealth        | |  1.7

Action                     |  1- 3 |  4- 6 |  7- 9 | 10-12 || total
---------------------------+-------+-------+-------+-------++-------
  Melee: Dagger            |    89 |   117 |   361 |       ||   567
         Punch             |     1 |     2 |     9 |       ||    12
         Spear             |       |       |    45 |       ||    45
         Trident           |       |       |       |    72 ||    72
   Cast: Necrotise         |    57 |    86 |   223 |    10 ||   376
         Animate Dead      |       |       |    12 |     3 ||    15
         Call Canine Famil |       |       |     1 |       ||     1
         Apportation       |       |       |       |     1 ||     1
 Invoke: Curse Item        |       |       |     3 |       ||     3
    Use: Scroll            |       |       |     4 |     1 ||     5
         Potion            |       |       |     1 |     1 ||     2
   Stab: Distracted        |     1 |       |       |       ||     1
         Sleeping          |     3 |     1 |     4 |       ||     8
 Armour: Robe              |    67 |   181 |   383 |       ||   631
         Leather armour    |       |       |   155 |    83 ||   238
  Dodge: Dodged            |    66 |   154 |   443 |    56 ||   719

Table legend: (Time is in decaauts)
 A = Elapsed time spent in this place.
 B = Non-inter-level travel time spent in this place.
 C = Inter-level travel time spent in this place.
 D = Time resting spent in this place.
 E = Time spent auto-exploring this place.
 F = Levels seen in this place.
 G = Mean time per level.
                   A        B        C        D        E       F      G
               +--------+--------+--------+--------+--------+-----+--------+
         Total |  10010 |   9527 |    483 |   1086 |   5365 |  11 |  910.0 |
       Dungeon |   9509 |   9039 |    470 |   1006 |   5141 |   9 | 1056.6 |
        Temple |     26 |     13 |     13 |      0 |      0 |   1 |   26.0 |
         Sewer |    474 |    474 |      0 |     80 |    224 |   1 |  474.0 |
               +--------+--------+--------+--------+--------+-----+--------+

Top non-repeatable levels by time:
     D:4: 1472 daAuts
     D:8: 1409 daAuts
     D:1: 1268 daAuts
     D:7: 1232 daAuts
     D:6: 1137 daAuts
     D:3: 1073 daAuts
     D:2: 945 daAuts
     D:5: 521 daAuts
   Sewer: 474 daAuts
     D:9: 448 daAuts
  Temple: 26 daAuts
